 Dungeon Crawl Stone Soup version 0.26-a0-707-g31817bcca1 (webtiles) character file.

Game seed: 4914925005295304618

16328 robertstho the Frost Mage (level 11, -8/82 HPs)
             Began as a Demigod Ice Elementalist on Oct 26, 2020.
             Mangled by a komodo dragon (30 damage)
             ... on level 2 of the Lair of Beasts.
             The game lasted 00:31:42 (15552 turns).

robertstho the Frost Mage (DgIE)                   Turns: 15552, Time: 00:31:43

Health: -8/82      AC:  7    Str: 11    XL:     11   Next: 79%
Magic:  14/30      EV: 17    Int: 25    God:
Gold:   453        SH:  0    Dex: 16    Spells: 16/31 levels left

rFire    . . .     SeeInvis .   E - +1 trident (vamp)
rCold    . . .     Faith    .   (no shield)
rNeg     . . .     Spirit   .   A - +0 troll leather armour
rPois    +         Reflect  .   (no helmet)
rElec    .         Harm     .   I - +2 cloak {rPois}
rCorr    .         Rampage  .   (no gloves)
MR       +....                  (no boots)
Stlth    ++........             (no amulet)
HPRegen  0.63/turn              s - +4 ring of evasion
MPRegen  0.22/turn              (no ring)

@: very slightly contaminated, slowed, very slow
A: high mp 1
a: no special abilities


You were on level 2 of the Lair of Beasts.
You visited 3 branches of the dungeon, and saw 14 of its levels.
You also visited: Sewer.

You collected 643 gold pieces.
You spent 190 gold pieces at shops.

Inventory:

Hand Weapons
 j - a +0 flail
 l - a +1 short sword of speed
 q - a +0 hand axe of freezing
 u - a +1 war axe of electrocution
 E - a +1 vampiric trident (weapon)
Armour
 a - a +1 robe
 i - a scarf of invisibility
 k - a +1 ring mail of poison resistance
 A - a +0 troll leather armour (worn)
 G - +0 swamp dragon scales
 I - a +2 cloak of poison resistance (worn)
Jewellery
 s - a +4 ring of evasion (left hand)
 K - an uncursed ring of fire {unknown}
Wands
 v - a wand of iceblast (19)
 w - a wand of flame (15)
 C - a wand of acid (16)
 H - a wand of digging (4)
Scrolls
 f - 6 scrolls of amnesia
 h - 5 scrolls of remove curse
 m - 2 scrolls of blinking {unknown}
 n - a scroll of fog {unknown}
 p - 4 scrolls of enchant weapon
 r - 2 scrolls of teleportation
 y - a scroll of immolation {unknown}
 z - a scroll of enchant armour
 D - a scroll of silence {unknown}
 J - 6 scrolls of identify
 N - 2 scrolls of magic mapping
Potions
 b - a potion of mutation
 c - 4 potions of curing
 d - a potion of invisibility {unknown}
 e - 6 potions of heal wounds {unknown}
 g - 2 potions of flight
 o - 2 potions of lignification
 t - a potion of ambrosia {unknown}
 x - 2 potions of resistance
 B - 3 potions of cancellation
 F - 2 potions of might {unknown}
 M - a potion of brilliance {unknown}
Miscellaneous
 L - a lightning rod (4/4)


   Skills:
 + Level 3.0 Fighting
 + Level 3.0(3.7) Axes
 + Level 0.4(1.9) Maces & Flails
 + Level 3.1(3.8) Polearms
 + Level 2.0 Armour
 + Level 3.8 Dodging
 + Level 3.2 Stealth
 + Level 1.1 Unarmed Combat
 * Level 10.6 Spellcasting
 + Level 3.6 Summonings
 * Level 11.7 Ice Magic


You had 16 spell levels left.
You knew the following spells:

 Your Spells              Type           Power        Failure   Level
a - Freeze                Ice            ####         1%          1
b - Frozen Ramparts       Ice            ######       1%          3
c - Ozocubu's Armour      Ice            ######..     1%          3
d - Hailstorm             Conj/Ice       #####...     5%          4
e - Summon Ice Beast      Ice/Summ       ######..     2%          4

Your spell library contained the following spells:

 Spells                   Type           Power        Failure   Level
 Ensorcelled Hibernation  Hex/Ice        #####.       1%          2
 Corona                   Hex            ##.....      6%          1
 Sandblast                Erth           ##....       6%          1
 Passwall                 Tmut/Erth      ##......     9%          2
 Confusing Touch          Hex            ##......     19%         3
 Dazzling Flash           Conj/Hex       ##....       19%         3
 Stone Arrow              Conj/Erth      ##....       19%         3
 Tukima's Dance           Hex            ##......     19%         3
 Animate Dead             Necr           ##........   52%         4
 Petrify                  Tmut/Erth      ##......     52%         4
 Simulacrum               Ice/Necr       #####.....   63%         6
 Borgnjor's Vile Clutch   Necr/Erth      ##........   86%         5
 Lee's Rapid Deconstruct  Erth           ##........   86%         5
 Death Channel            Necr           ##........   100%        6


Dungeon Overview and Level Annotations

Branches:
Dungeon (11/15)            Temple (1/1) D:4            Lair (2/6) D:9
    Orc (0/2) D:11          Sewer (visited)
  Swamp: Lair:2-4    Shoals: Lair:2-4     Snake: Lair:2-4    Spider: Lair:2-4

Shops:
D:4 *   D:5 *

Annotations:
D:5 236 cloak


Innate Abilities, Weirdness & Mutations

You have an increased reservoir of magic. (+10% MP)


Message History

Unknown command.
The wall freezes the torpor snail!
Casting: Summon Ice Beast (dangerous; 2% risk of failure)
Confirm with . or Enter, or press ? or * to list all spells.
You miscast Summon Ice Beast.
You are very lightly contaminated with residual magic.
Nothing appears to happen.
The frozen ramparts melt away.
The torpor snail bites you but does no damage.
Your ice beast hits the komodo dragon.
Your ice beast freezes the komodo dragon!
The komodo dragon bites you!
Your ice beast hits the torpor snail but does no damage.
The komodo dragon bites you!!
Casting: Summon Ice Beast (dangerous; 2% risk of failure)
Confirm with . or Enter, or press ? or * to list all spells.
You miscast Summon Ice Beast.
Nothing appears to happen.
The torpor snail bites you!
* * * LOW HITPOINT WARNING * * *
The komodo dragon bites you!!
You die...

### ### #.######.####
###
P..##!#P.##.####P####.#.
...........<...l@.......
...............w..!.....
...............Y....PP##
...............PP....##
.†......P....##PP...P#
######P.P.).$###.....#
.F.......>.#.# #....##
.Y....<......# ##....
.............#


You could see a torpor snail, a komodo dragon and a friendly ice beast
(summoned, slow).

Vanquished Creatures
  A two-headed ogre (D:8)
  A death yak (Lair:1)
  An unseen horror (D:11)
  An orc knight (D:11)
  A black mamba (Lair:1)
  6 cane toads
  Maurice (D:8)
  A gargoyle (D:11)
  Maggie (D:8)
  A komodo dragon (Lair:2)
  A centaur skeleton (D:10)
  2 trolls
  A hornet (D:11)
  A blink frog (Lair:1)
  4 yaks (Lair:2)
  Duvessa (D:7)
  2 nameless horrors
  3 sky beasts
  10 orc warriors
  An ice beast (D:9)
  2 black bears
  An eye of draining (D:8)
  A phantom (D:7)
  2 necrophages
  3 ogres
  2 centaurs
  A big kobold (D:10)
  10 bullfrogs
  A water moccasin zombie (D:8)
  6 scorpions
  5 wights
  8 howler monkeys
  A quasit (D:11)
  7 orc priests
  9 hounds
  A jelly (D:9)
  11 orc wizards
  Ijyb (D:5)
  Terence (D:2)
  4 iguanas
  11 worker ants
  2 hound skeletons
  A mummy (D:5)
  A worker ant zombie (D:9)
  A howler monkey zombie (D:6)
  21 adders
  4 river rats (D:6)
  3 shadow imps
  3 white imps
  2 ufetubi
  13 oozes (Sewer)
  An adder zombie (D:5)
  2 adder skeletons
  9 worms
  5 dart slugs
  13 leopard geckos
  65 orcs
  18 giant cockroaches
  5 goblins
  7 hobgoblins
  12 jackals
  3 quokkas
  13 ball pythons
  3 bats
  11 frilled lizards
  A giant cockroach zombie (D:5)
  A hobgoblin zombie (D:5)
  10 kobolds
  A kobold zombie (D:5)
  A leopard gecko zombie (D:5)
  8 rats
369 creatures vanquished.

Vanquished Creatures (collateral kills)
  2 hydras (D:11)
  A death yak (Lair:1)
  A two-headed ogre (D:10)
  A manticore (D:11)
  An elephant (Lair:1)
  A centaur zombie (D:11)
  2 blink frogs (Lair:1)
  2 wyverns (Lair:1)
  An orc warrior (D:11)
  An eye of draining (D:11)
  A phantom (D:8)
  An ogre (D:9)
  A bullfrog (D:9)
  Dowan (D:7)
  12 wights
  A bullfrog zombie (D:11)
  3 orc priests
  An orc wizard (D:10)
  A worker ant (D:11)
  A worker ant zombie (D:8)
  An ufetubus (D:7)
  3 orcs (D:11)
40 creatures vanquished.

Vanquished Creatures (others)
  3 fungi
  8 plants (Lair:1)
11 creatures vanquished.

Grand Total: 420 creatures vanquished

Notes
Turn   | Place    | Note
-------+----------+-------------------------------------------
     0 | D:1      | robertstho the Demigod Ice Elementalist began the quest for
                  | the Orb.
     0 | D:1      | Reached XP level 1. HP: 14/14 MP: 5/5
    67 | D:1      | Reached skill level 4 in Ice Magic
   548 | D:1      | Reached XP level 2. HP: 20/20 MP: 5/7
  1118 | D:2      | Noticed Terence
  1129 | D:2      | Killed Terence
  1129 | D:2      | Reached XP level 3. HP: 19/26 MP: 3/8
  1371 | D:2      | Learned a level 3 spell: Frozen Ramparts
  1993 | D:2      | Reached skill level 1 in Unarmed Combat
  1993 | D:2      | Reached XP level 4. HP: 18/34 MP: 3/10
  2449 | D:3      | Reached skill level 5 in Ice Magic
  2449 | D:3      | Reached XP level 5. HP: 11/39 MP: 4/11
  3053 | D:3      | Found a radiant altar of Vehumet.
  3725 | D:4      | Noticed an ogre
  3735 | D:4      | Killed an ogre
  3735 | D:4      | Reached XP level 6. HP: 24/46 MP: 8/14
  3905 | D:4      | Found a staircase to the Ecumenical Temple.
  4109 | D:4      | Reached skill level 6 in Ice Magic
  4115 | D:4      | Learned a level 3 spell: Ozocubu's Armour
  4120 | D:4      | Learned a level 4 spell: Hailstorm
  4161 | D:4      | Reached XP level 7. HP: 18/51 MP: 8/16
  4653 | D:4      | Found Impiath's Assorted Antiques.
  4728 | D:4      | Bought a scroll labeled XYGELO MESUY for 19 gold pieces
  4728 | D:4      | Bought a scroll labeled CUOPTO EJAUSA for 19 gold pieces
  4728 | D:4      | Bought a glowing moonstone ring for 95 gold pieces
  4728 | D:4      | Bought 2 scrolls labeled ZIBUIR RIRA for 38 gold pieces
  4728 | D:4      | Bought a scroll labeled GUAKEAGG OTIR for 19 gold pieces
  4844 | D:4      | Learned a level 4 spell: Summon Ice Beast
  5032 | Temple   | Entered the Ecumenical Temple
  5225 | D:5      | Entered Level 5 of the Dungeon
  5425 | D:5      | Reached skill level 5 in Spellcasting
  5609 | D:5      | Reached skill level 1 in Fighting
  5629 | D:5      | Found a broken altar of Ashenzari.
  5646 | D:5      | Reached skill level 7 in Ice Magic
  5662 | D:5      | Noticed Ijyb
  5843 | D:5      | Found Qyihaex's General Store.
  5878 | D:5      | Reached XP level 8. HP: 55/59 MP: 16/19
  5957 | D:5      | Killed Ijyb
  5957 | D:5      | Reached skill level 1 in Axes
  6708 | D:6      | Found a glowing drain.
  6716 | Sewer    | Entered a sewer
  7745 | D:6      | Found a hide-covered altar of Uskayaw.
  8051 | D:6      | Reached skill level 8 in Ice Magic
  8343 | D:6      | Found a stormy altar of Qazlal.
  8649 | D:7      | Reached XP level 9. HP: 56/67 MP: 9/22
  8897 | D:7      | Reached skill level 1 in Summonings
  8959 | D:7      | Noticed Duvessa
  8959 | D:7      | Noticed Dowan
  8967 | D:7      | Killed Dowan
  8978 | D:7      | Killed Duvessa
  9806 | D:8      | Found a glowing silver altar of Zin.
  9813 | D:8      | Reached skill level 9 in Ice Magic
  9963 | D:8      | Noticed Maggie
  9990 | D:8      | Killed Maggie
 10226 | D:8      | Noticed Maurice
 10234 | D:8      | Killed Maurice
 10307 | D:8      | Found a shimmering blue altar of Sif Muna.
 10431 | D:8      | Noticed a two-headed ogre
 10440 | D:8      | Killed a two-headed ogre
 10440 | D:8      | Reached XP level 10. HP: 43/74 MP: 14/26
 11092 | D:9      | Reached skill level 1 in Polearms
 11236 | D:9      | Found a staircase to the Lair.
 11789 | D:9      | Found a bloodstained altar of Trog.
 11790 | D:9      | Found an iron altar of Okawaru.
 12506 | D:10     | Entered Level 10 of the Dungeon
 12678 | D:10     | Reached skill level 10 in Ice Magic
 13109 | D:10     | Found a stormy altar of Qazlal.
 13171 | D:10     | Noticed a two-headed ogre
 13190 | D:10     | Killed a two-headed ogre
 13558 | D:11     | Noticed a seven-headed hydra
 13566 | D:11     | Killed a seven-headed hydra
 13577 | D:11     | Noticed an orc knight
 13595 | D:11     | Killed an orc knight
 13595 | D:11     | Reached skill level 1 in Armour
 13598 | D:11     | Reached XP level 11. HP: 80/80 MP: 1/28
 13844 | D:11     | Killed an unseen horror
 13920 | D:11     | Found a roughly hewn altar of Beogh.
 13920 | D:11     | Found a staircase to the Orcish Mines.
 14087 | D:11     | Found a shimmering altar of Xom.
 14090 | D:11     | Noticed a four-headed hydra
 14096 | D:11     | Killed a four-headed hydra
 14096 | D:11     | Reached skill level 11 in Ice Magic
 14379 | D:11     | Paralysed by a hornet for 1 turns
 14490 | Lair:1   | Entered Level 1 of the Lair of Beasts
 14564 | Lair:1   | Reached skill level 10 in Spellcasting
 15349 | Lair:1   | Noticed a death yak
 15350 | Lair:1   | Noticed a death yak
 15351 | Lair:1   | Noticed a death yak
 15352 | Lair:1   | Noticed a death yak
 15355 | Lair:1   | Noticed a death yak
 15365 | Lair:1   | Killed a death yak
 15386 | Lair:1   | Killed a death yak
 15552 | Lair:2   | Mangled by a komodo dragon

Illustrated notes

Levels and vault maps discovered:
D:1:      dpeg_arrival_three_same_balls, layout_basic, serial_forest,
          infiniplex_forest_clump_double, infiniplex_forest_straight_2,
          infiniplex_forest_corner_2, infiniplex_forest_end_2
D:2:      layout_basic, uniq_terence
D:3:      layout_basic, lemuel_round_altar
D:4:      layout_loops_ring, minmay_temple_entry_arrows, serial_shops,
          nicolae_shop_statue_plus
D:5:      layout_loops_ring, old_standard_altar, serial_shops,
          nicolae_shop_trees, nicolae_ossuary_entry_giza, uniq_ijyb
D:6:      layout_basic, lemuel_coloured_pillars_altar, lemuel_crystal_altar,
          lightli_sewer_entry_pipes
D:7:      layout_cave_pools, uniq_duvessa
D:8:      layout_loops_ring, lemuel_blue_sif_altar, basic_altar,
          grunt_decor_one_mirror, uniq_maggie, uniq_maurice
D:9:      layout_irregular_city, grunt_temple_overflow_bloody_war,
          lair_entry_dummy
D:10:     layout_irregular_city, nicolae_qazlal_eye_of_the_storm
D:11:     gammafunk_wand_slinger, layout_basic, david_orc_5, tgw_xom,
          uniq_psyche
Temple:   eino_wide_crystal_templ
Lair:1:   layout_gridlike, wad_woods_river_01
Lair:2:   layout_chaotic_city, gammafunk_lair_bear_cave, lemuel_fruit_fields,
          uniq_nergalle

Skill      XL: |  1  2  3  4  5  6  7  8  9 10 11 |
---------------+----------------------------------+-----
Ice Magic      | 4 5 6 7 8 9 10 11 | 11.7
Spellcasting   | 2 3 4 5 6 8 9 10 | 10.6
Stealth        | 2 3 |  3.2
Unarmed Combat | 1 |  1.1
Dodging        | 2 3 |  3.8
Fighting       | 1 2 3 |  3.0
Axes           | 2 3 |  3.0
Summonings     | 2 3 |  3.6
Polearms       | 2 3 |  3.1
Armour         | 1 2 |  2.0
Maces & Flails | |  0.4

Action                   |  1- 3 |  4- 6 |  7- 9 | 10-12 || total
-------------------------+-------+-------+-------+-------++-------
Melee: Unarmed           |    46 |       |       |       ||    46
       Flail             |    17 |     1 |       |       ||    18
       Short sword       |       |    25 |       |       ||    25
       War axe           |       |       |   138 |       ||   138
       Hand axe          |       |       |    18 |       ||    18
       Punch             |       |       |     1 |       ||     1
       Trident           |       |       |    44 |   188 ||   232
 Cast: Freeze            |    18 |     4 |     7 |       ||    29
       Frozen Ramparts   |     5 |    31 |    79 |    64 ||   179
       Summon Ice Beast  |       |       |    29 |    53 ||    82
  Use: Scroll            |       |       |    16 |     2 ||    18
       Potion            |       |       |       |     1 ||     1
 Stab: Sleeping          |     5 |     1 |     2 |     1 ||     9
       Distracted        |       |       |     1 |     1 ||     2
Armor: Robe              |    12 |     1 |    27 |    22 ||    62
       Swamp dragon scal |       |       |     1 |       ||     1
       Troll leather arm |       |       |       |    28 ||    28
Dodge: Dodged            |    36 |    22 |   259 |   205 ||   522

Table legend: (Time is in decaauts)
 A = Elapsed time spent in this place.
 B = Non-inter-level travel time spent in this place.
 C = Inter-level travel time spent in this place.
 D = Time resting spent in this place.
 E = Time spent auto-exploring this place.
 F = Levels seen in this place.
 G = Mean time per level.
                   A        B        C        D        E       F      G
               +--------+--------+--------+--------+--------+-----+--------+
         Total |  15825 |  15418 |    407 |   1154 |  10753 |  15 | 1055.0 |
       Dungeon |  13987 |  13612 |    375 |    944 |   9774 |  11 | 1271.5 |
        Temple |     80 |     61 |     19 |      0 |     58 |   1 |   80.0 |
          Lair |   1085 |   1073 |     12 |    210 |    621 |   2 |  542.5 |
         Sewer |    672 |    672 |      0 |      0 |    299 |   1 |  672.0 |
               +--------+--------+--------+--------+--------+-----+--------+

Top non-repeatable levels by time:
     D:6: 1515 daAuts
     D:9: 1476 daAuts
     D:4: 1431 daAuts
     D:8: 1406 daAuts
     D:5: 1346 daAuts
     D:2: 1337 daAuts
     D:3: 1286 daAuts
    D:10: 1226 daAuts
     D:7: 1109 daAuts
     D:1: 1089 daAuts
  Lair:1: 1035 daAuts
    D:11: 761 daAuts
   Sewer: 672 daAuts
  Temple: 80 daAuts
  Lair:2: 49 daAuts
